 Dungeon Crawl Stone Soup version 0.29.0-15-g675c0067aa (webtiles) character file.

Game seed: 1951119364717942966

1262 Persephone the Slasher (level 8, -4/60 (62) HPs)
             Began as a Demigod Fighter on Sept 11, 2022.
             Slain by a two-headed ogre
             ... wielding a +0 giant club
              (28 damage)
             ... on level 5 of the Dungeon.
             The game lasted 00:08:55 (6349 turns).

Persephone the Slasher (Demigod Fighter)            Turns: 6349, Time: 00:08:55

HP:   -4/60 (62)    AC:  4    Str: 19    XL:     8   Next: 6%
MP:   10/10         EV: 13    Int: 10    God:
Gold: 251           SH: 11    Dex: 24    Spells: 7/7 levels left

rFire   + + +      SeeInvis .   (no weapon)
rCold   + . .      Faith    .   q - +0 kite shield
rNeg    . . .      Spirit   .   i - +0 leather armour
rPois   .          Reflect  .   (no helmet)
rElec   .          Harm     .   d - scarf {rC+ rF+}
rCorr   .          Rampage  .   (no gloves)
Will    .....                   r - +0 pair of boots
Stlth   +++.......              (no amulet)
HPRegen 0.20/turn               n - ring of Gozag's Outrage {rF+ Str+2 Dex+3 Stlth+}
MPRegen 0.12/turn               b - ring of protection from fire

@: about to teleport, lightly drained
A: high MP 1, forlorn, divine attributes
a: no special abilities


You were on level 5 of the Dungeon.
You visited 1 branch of the dungeon, and saw 5 of its levels.

You collected 251 gold pieces.

Inventory:

Hand Weapons
 a - a +1 long sword
Armour
 c - a +0 buckler
 d - a scarf of resistance (worn)
 i - a +0 leather armour (worn)
 q - a +0 kite shield (worn)
 r - a +0 pair of boots (worn)
Jewellery
 b - a ring of protection from fire (right hand)
 n - the ring of Gozag's Outrage (left hand) {rF+ Str+2 Dex+3 Stlth+}
   (You found it on level 2 of the Dungeon)

   [ring of protection from fire]

   Str:       It affects your strength (+2).
   Dex:       It affects your dexterity (+3).
   rF:        It protects you from fire.
   Stlth:     It makes you more stealthy.
Wands
 m - a wand of flame (43)
 o - a wand of digging (1)
 x - a wand of light (2)
Scrolls
 g - a scroll of torment
 h - a scroll of identify
 j - 5 scrolls of teleportation
Potions
 e - a potion of attraction
 f - a potion of flight
 k - a potion of ambrosia
 l - a potion of brilliance
 p - a potion of heal wounds
 t - a potion of degeneration {unknown}
 u - a potion of resistance {unknown}
 w - 2 potions of invisibility


   Skills:
 - Level 2.6 Fighting
 * Level 6.7 Long Blades
 - Level 2.6 Armour
 + Level 4.3 Dodging
 + Level 5.2 Shields


You had 7 spell levels left.
You didn't know any spells.
Your spell library contained the following spells:

 Spells                   Type           Power      Damage    Failure   Level
 Beastly Appendage        Tmut           0%         N/A       77%         1
 Shock                    Conj/Air       0%         1d3       77%         1
 Sting                    Tmut/Pois      0%         1d3       77%         1
 Summon Small Mammal      Summ           0%         N/A       77%         1
 Poisonous Vapours        Pois/Air       0%         N/A       88%         2
 Wereblood                Tmut           0%         N/A       88%         2
 Call Canine Familiar     Summ           0%         N/A       98%         3
 Spider Form              Tmut/Pois      0%         N/A       98%         3
 Summon Guardian Golem    Hex/Summ       0%         N/A       98%         3
 Swiftness                Air            0%         N/A       98%         3
 Airstrike                Air            0%         2d(0-16)  100%        4
 Olgreb's Toxic Radiance  Pois           0%         N/A       100%        4


Dungeon Overview and Level Annotations

Branches:
Dungeon (5/15)
 Temple: D:4-7


Innate Abilities, Weirdness & Mutations

You have an increased reservoir of magic. (+10% MP)
You shall have no god before yourself.
Your divine heritage dramatically boosts your attributes as you level up.


Message History

The poisoned dart closely misses the orc.
An orc wizard comes into view. It is wielding a +2 dagger of venom.
You throw a poisoned dart. The poisoned dart hits the orc.
The orc looks even sicker.
The orc is almost dead.
You kill the orc!
The orc wizard mumbles some strange words.
The orc wizard flickers and vanishes!
Deactivating autopickup; reactivate with Ctrl-A.
An orc comes into view. It is wielding a +0 trident.
You are now empty-handed.
You throw a poisoned dart.
The poisoned dart hits the two-headed ogre.
You throw a poisoned dart.
The poisoned dart hits the two-headed ogre.
The two-headed ogre is poisoned.
Really attack while wielding nothing? [Y]es or [N]o only, please.
Really attack while wielding nothing? [Y]es or [N]o only, please.
Really attack while wielding nothing? [Y]es or [N]o only, please.
Really attack while wielding nothing?
Okay, then.
The two-headed ogre attacks as you move away!
You block the two-headed ogre's attack.
The two-headed ogre hits you with a +0 giant club!!
The two-headed ogre looks more healthy.
You see here a hound corpse.
You see here a +0 leather armour.
Things that are here:
a +0 hand axe; an orc skeleton The two-headed ogre attacks as you move away!
The two-headed ogre misses you.
The two-headed ogre hits you with a +0 giant club!
There is a stone staircase leading up here.
As you read the scroll of teleportation, it crumbles to dust.
You feel strangely unstable.
The two-headed ogre hits you with a +0 giant club!!
You die...

#.........#.........#....
#.........'....(....#....
#..)......######..####..#
#..............#######..#
#.....(...>....#........#
#..............+........#
#..............#........#
#..............#........#
#####.......@O.....##.###..##
#..#...#....####....#'####+#.
#...#..#....'..#....+..#...#.
#...#..#....#..#....#..'...#.
#..#####....####....##'#####.
####.....#### #.........)....
#.....# #.............)
#.....# #...........)..
#.....# #..............


You could see a two-headed ogre.

Vanquished Creatures
  Pikel (D:5)
  Sigmund (D:3)
  A lemure (D:5)
  2 scorpions
  A necrophage (D:5)
  The ghost of freelancePsychic the Chiller, a weakling MeIE (D:4)
  2 hounds
  2 orc priests (D:4)
  A jelly (D:4)
  Jessica (D:2)
  An iguana (D:4)
  Natasha (thrice) (D:3)
  8 adders
  An ufetubus (D:5)
  2 adder zombies (D:3)
  A dart slug (D:1)
  15 orcs
  5 bats
  5 endoplasms
  4 giant cockroaches
  2 goblins (D:1)
  5 hobgoblins
  3 quokkas
  5 ball pythons
  A ball python zombie (D:3)
  8 kobolds
  8 rats
90 creatures vanquished.

Notes
Turn   | Place    | Note
-------+----------+-------------------------------------------
     0 | D:1      | Persephone the Demigod Fighter began the quest for the Orb.
     0 | D:1      | Reached XP level 1. HP: 18/18 MP: 3/3
   168 | D:1      | Reached skill level 2 in Long Blades
   497 | D:1      | Reached XP level 2. HP: 25/25 MP: 4/4
   959 | D:2      | Reached skill level 1 in Dodging
  1147 | D:2      | Reached XP level 3. HP: 29/30 MP: 5/5
  1516 | D:2      | Noticed Jessica
  1522 | D:2      | Killed Jessica
  1523 | D:2      | Reached skill level 3 in Long Blades
  1609 | D:2      | Reached XP level 4. HP: 35/37 MP: 6/6
  1803 | D:2      | Identified the ring of Gozag's Outrage {rF+ Str+2 Dex+3
                  | Stlth+}
  2415 | D:3      | Noticed Sigmund
  2752 | D:3      | Killed Sigmund
  2753 | D:3      | Reached skill level 4 in Long Blades
  2753 | D:3      | Reached XP level 5. HP: 33/42 MP: 7/7
  2873 | D:3      | Noticed Natasha
  2884 | D:3      | Killed Natasha
  3029 | D:3      | Noticed Natasha
  3037 | D:3      | Killed Natasha
  3108 | D:3      | Reached XP level 6. HP: 50/50 MP: 8/8
  3142 | D:3      | Noticed Natasha
  3150 | D:3      | Killed Natasha
  3563 | D:4      | Noticed Pikel
  3599 | D:5      | Entered Level 5 of the Dungeon
  3767 | D:5      | Killed Pikel
  3768 | D:5      | Reached skill level 5 in Long Blades
  3768 | D:5      | Reached XP level 7. HP: 17/56 MP: 9/9
  4238 | D:4      | Reached skill level 6 in Long Blades
  4547 | D:4      | Found a runed translucent gate.
  4548 | D:4      | Found a runed translucent gate.
  4548 | D:4      | Noticed freelancePsychic's ghost (weakling MeIE)
  4549 | D:4      | Found a runed translucent gate.
  4550 | D:4      | Identified the +4 short sword "Zaulusoo" {spect, Dex+2}
  5298 | D:4      | Killed freelancePsychic's ghost
  5299 | D:4      | Reached skill level 5 in Shields
  6162 | D:5      | Reached XP level 8. HP: 57/62 MP: 10/10
  6301 | D:5      | Noticed a two-headed ogre
  6349 | D:5      | Slain by a two-headed ogre

Illustrated notes

Levels and vault maps discovered:
D:1:      dpeg_arrival_simpleton_c, layout_basic,
          hellmonk_ecumenical_altar_run_dry, serial_bayou_pond_c,
          hangedman_decor_push
D:2:      layout_basic, chequers_serial_rivers_micro_b, kennysheep_nub,
          minmay_statues_item, uniq_jessica
D:3:      layout_rooms, nicolae_yredelemnul_corpse_copse,
          small_statue_intersection, uniq_sigmund, uniq_natasha
D:4:      layout_basic, biasface_ghost_orc_armoury,
          nicolae_figureground_sparkle, uniq_pikel
D:5:      layout_gridville

Skill      XL: |  1  2  3  4  5  6  7 |
---------------+----------------------+-----
Long Blades    | 2 3 4 5 6 |  6.7
Dodging        | 1 2 3 4 |  4.3
Shields        | 3 4 5 |  5.2
Fighting       | |  2.6
Armour         | |  2.6

Action                   |  1- 3 |  4- 6 |  7- 9 || total
-------------------------+-------+-------+-------++-------
Melee: Long sword        |    83 |    79 |    73 ||   235
Throw: Dart              |       |    59 |    48 ||   107
  Use: Scroll            |       |     6 |    12 ||    18
       Potion            |       |     2 |     2 ||     4
 Stab: Sleeping          |       |     2 |     1 ||     3
       Distracted        |       |       |     1 ||     1
Armor: Scale mail        |    17 |       |       ||    17
       Leather armour    |     9 |    16 |     8 ||    33
Dodge: Dodged            |    38 |    37 |    34 ||   109
Block: Buckler           |    22 |    23 |    17 ||    62
       Kite shield       |       |       |     4 ||     4
